 Dungeon Crawl Stone Soup version 0.31-a0-460-g9e667d4245 (webtiles) character file.

Game seed: 10251330228735842310

11886 Xavori the Carver (level 12, -2/86 HPs)
             Began as a Djinni Chaos Knight on Aug 4, 2023.
             Was a Plaything of Xom.
             Slain by a very large slime creature (9 damage)
             ... in an ice cave.
             The game lasted 00:12:47 (17133 turns).

Xavori the Carver (Djinni Chaos Knight)            Turns: 17133, Time: 00:12:48

Health: -2/86      AC: 31    Str: 13    XL:     12   Next: 13%
Gold:   757        EV: 11    Int: 15    God:    Xom [......] SH:  7 Dex: 21

rFire   + + +        y - +8 falchion of Xom's Respect {protect, Fly Will+ Str+2}
rCold   + . .        E - +2 buckler
rNeg    . . .        r - +3 scale mail {rC+}
rPois   ∞            (helmet restricted)
rElec   .            u - scarf {rC+ rF+}
rCorr   .            (no gloves)
SInv    +            (boots unavailable)
Will    ++++.        k - amulet of Zowiyt Otri {Faith -Tele rF+ SInv}
Stlth   ++           q - +4 ring of protection
HPRegen 1.14/turn    F - +4 ring of protection
MPRegen 0.00/turn

%: no teleportation, faith, infuse magic (-3 HP)
@: under a protective aura, flying
A: sickness immunity, fire resistance 3, cold vulnerability 1, float, innate
caster, HP casting, extra vitality 1, horns 1, iridescent scales 2, agile 2,
strong-willed 2, mutation resistance 1, sense surroundings 1, regeneration 1,
shaggy fur 2, wild magic 1, noise suppression
a: Renounce Religion


You were in an ice cave.
You worshipped Xom.
You were a very special plaything of Xom.
You visited 1 branch of the dungeon, and saw 11 of its levels.
You also visited: Ice Cave.

You collected 757 gold pieces.

Inventory:

Hand Weapons
 t - a +2 triple sword of freezing
 y - the +8 falchion of Xom's Respect (weapon) {protect, Fly Will+ Str+2}
   (You found it on level 4 of the Dungeon)

   Str:       It affects your strength (+2).
   Fly:       It grants you flight.
   Will:      It increases your willpower.
Armour
 b - a +3 leather armour
 l - a +0 cloak
 r - a +3 scale mail of cold resistance (worn)
 u - a scarf of resistance (worn)
 A - a +1 troll leather armour
 E - a +2 buckler (worn)
Jewellery
 k - the amulet of Zowiyt Otri (around neck) {Faith -Tele rF+ SInv}
   (Xom gifted it to you on level 1 of the Dungeon)

   [amulet of faith]

   It allows you to gain divine favour quickly.
   rF:        It protects you from fire.
   SInv:      It lets you see invisible.
   -Tele:     It prevents most forms of teleportation.
 m - an amulet of regeneration
 q - a +4 ring of protection (left hand)
 x - a +6 ring of intelligence
 B - a ring of see invisible
 F - a +4 ring of protection (right hand)
Wands
 G - a wand of flame (24)
 N - a wand of digging (1)
Scrolls
 c - a scroll of butterflies
 d - a scroll of amnesia {unknown}
 f - 2 scrolls of torment
 h - 3 scrolls of summoning
 i - 2 scrolls of enchant armour
 j - a scroll of brand weapon {unknown}
 p - a scroll of immolation
 v - 2 scrolls of poison
 z - 4 scrolls of teleportation
 I - a scroll of fog {unknown}
 J - a scroll of acquirement {unknown}
 L - a scroll of enchant weapon {unknown}
Potions
 a - a potion of lignification {unknown}
 e - a potion of berserk rage {unknown}
 g - 5 potions of curing {unknown}
 n - a potion of brilliance {unknown}
 o - 5 potions of heal wounds {unknown}
 s - 5 potions of resistance
 w - a potion of invisibility {unknown}
 C - a potion of might {unknown}
 D - a potion of haste
 H - a potion of cancellation {unknown}
 M - a potion of ambrosia {unknown}


   Skills:
 * Level 8.0 Fighting
 + Level 10.2 Long Blades
 + Level 6.8 Armour
 + Level 5.1 Dodging
 + Level 4.5 Stealth
 + Level 2.5 Shields
 * Level 4.8 Spellcasting
 * Level 4.8 Conjurations
 * Level 4.8 Hexes
 * Level 4.8 Summonings
 * Level 4.8 Necromancy
 * Level 4.8 Translocations
 * Level 4.8 Transmutations
 * Level 4.8 Fire Magic
 * Level 4.8 Ice Magic
 * Level 4.8 Air Magic
 * Level 4.8 Earth Magic
 * Level 4.8 Poison Magic
 * Level 5.4 Evocations


You knew the following spells:

 Your Spells              Type           Power      Damage    Failure   Level
a - Foxfire               Conj/Fire      92%        2x1d8     17%         1
b - Static Discharge      Conj/Air       46%        2-4/arc   26%         2
c - Blink                 Tloc           46%        N/A       26%         2
d - Summon Guardian Gole  Hex/Summ       23%        N/A       45%         3
e - Dispel Undead         Necr           23%        3d12      83%         4
Your spell library was empty.

Dungeon Overview and Level Annotations

Branches:
Dungeon (11/15)            Temple (0/1) D:7            Lair (0/5) D:8
    Orc (0/2) D:9           IceCv (1/1)

Altars:
Cheibriados
Gozag
Hepliaklqana
Makhleb
Uskayaw
Xom
Zin
The Shining One

Shops:
D:1 =   D:4 :   D:6 =   D:7 :

Annotations:
D:4 exclusion: statue


Innate Abilities, Weirdness & Mutations

You are immune to sickness and miasma.
You are immune to poison.
Your flesh is almost immune to the effects of heat. (rF+++)
You are vulnerable to cold. (rC-)
You float through the air rather than walking.
You learn spells naturally, not from books.
Your magical power is your life essence.
You have superior vitality. (+4 MHP)
You have a pair of small horns on your head.
You are mostly covered in iridescent scales. (AC +4)
You are very agile. (Dex +8, Str/Int -2)
You are highly strong-willed. (Will++)
You are somewhat resistant to further mutation.
You passively map a small area around you.
Your natural rate of healing is unusually fast.
You are covered in thick fur. (AC +2)
Your spells are a little harder to cast, but a little more powerful.
You passively dampen the noise of your surroundings.


Message History

Your body is suffused with distortional energy.
You feel more in control of your magic.
Your iridescent scales recede somewhat.
A very large slime creature splits.
You slash the large slime creature! You headbutt the large slime creature.
The large slime creature is moderately wounded.
You block the large slime creature's attack.
You slash the large slime creature!
The large slime creature is moderately wounded.
You block the slime creature's attack.
The large slime creature hits you but does no damage.
You slash the large slime creature! You headbutt the large slime creature.
The large slime creature is heavily wounded.
The slime creature hits you but does no damage.
Two slime creatures merge to form a very large slime creature.
You slash the very large slime creature!
You headbutt the very large slime creature.
The very large slime creature is moderately wounded.
The slime creature hits you but does no damage.
You barely miss the very large slime creature.
Your headbutt misses the very large slime creature.
The very large slime creature is moderately wounded.
The slime creature completely misses you.
The very large slime creature hits you!!
You slash the very large slime creature!
The very large slime creature is heavily wounded.
The slime creature hits you but does no damage.
You slash the very large slime creature!
The very large slime creature is heavily wounded.
The very large slime creature hits you!!!
Ouch! That really hurt!
* * * LOW HITPOINT WARNING * * *
Unknown command.
The very large slime creature attacks as you move away!
You block the very large slime creature's attack.
The slime creature attacks as you move away!
The slime creature hits you but does no damage.
The very large slime creature attacks as you move away!
The very large slime creature hits you!
You die...
Xom howls with laughter!

#......Z.####### , *
####Z...J......######,, ,
##..._.Z...J.....###* *
###########.......###
########### ###J......#
##.........# ###Z...########
...........### ###....###.....##
.....###.....###.J..###........#
....######......@J.##....#.....#
...###..)###....####....##.....#
.....##[)..########....##.....##
#.....##.....##......###.....##
####...####.......####....####
##....####...###...!.###
###.....#####.....###
####.........#### ####...####


You could see a very large slime creature, a slime creature and a slime creature
simulacrum.

Vanquished Creatures
  A quicksilver ooze (IceCv)
  2 two-headed ogres
  2 death yaks (D:8)
  An ice statue (IceCv)
  A kobold demonologist (D:10)
  A troll (D:9)
  A meliai (D:8)
  Prince Ribbit (D:5)
  Sigmund (D:3)
  8 slime creatures (IceCv)
  2 shadows
  A wyvern (D:10)
  A steam dragon (D:6)
  5 yaks (D:9)
  2 acid dragons
  3 water moccasins
  3 orc warriors
  2 black bears
  2 ice beasts
  A sky beast (D:8)
  A centaur (D:9)
  2 slime creature simulacra (IceCv)
  A phantom (D:5)
  A kobold brigand (D:7)
  A bullfrog (D:9)
  2 gnoll sergeants
  3 scorpions
  2 glowing shapeshifter simulacra (IceCv)
  A wight (D:8)
  A lava snake (D:8)
  2 howler monkeys (D:9)
  A gnoll bouda (D:7)
  4 hounds
  2 jellies (D:5)
  3 orc priests
  15 orc wizards
  Terence (D:3)
  2 iguanas (D:5)
  A hell rat (D:8)
  2 shapeshifter simulacra (IceCv)
  17 gnolls
  5 adders
  A river rat (D:8)
  2 shadow imps
  15 white imps
  An ufetubus (D:7)
  3 worms
  6 dart slugs
  35 orcs
  6 ball pythons
  6 endoplasms
  3 giant cockroaches
  7 goblins
  14 hobgoblins
  13 kobolds
  6 bats
  3 frilled lizards
  3 rats
235 creatures vanquished.

Vanquished Creatures (collateral kills)
  A death yak (D:8)
  3 slime creatures (IceCv)
  An iguana (D:5)
5 creatures vanquished.

Vanquished Creatures (others)
  4 wights (D:8)
4 creatures vanquished.

Grand Total: 244 creatures vanquished

Notes
Turn   | Place    | Note
-------+----------+-------------------------------------------
     0 | D:1      | Xavori the Djinni Chaos Knight began the quest for the Orb.
     0 | D:1      | Reached XP level 1. HP: 20/20 MP: 0/0
   294 | D:1      | XOM: silly message
   636 | D:1      | XOM is BORED!
   636 | D:1      | XOM: silly message
  1067 | D:1      | XOM: divination: detect creatures
  1160 | D:1      | XOM: scenery: 1 doors open
  1211 | D:1      | XOM: divination: detect creatures
  1956 | D:1      | XOM is BORED!
  1956 | D:1      | XOM: 1-stop teleportation journey
  1965 | D:1      | XOM: divination: detect creatures
  2223 | D:1      | Found Nepsa's Jewellery Boutique.
  2223 | D:1      | XOM: 2-stop teleportation journey
  2226 | D:1      | Reached XP level 2. HP: 25/25 MP: 0/0
  2360 | D:1      | Reached skill level 3 in Long Blades
  2362 | D:1      | Reached XP level 3. HP: 28/30 MP: 0/0
  2362 | D:1      | Learned a level 1 spell: Foxfire
  2527 | D:1      | XOM: divination: detect items
  2639 | D:1      | XOM: silly message
  2811 | D:1      | XOM: butterfly on damage
  2931 | D:1      | XOM: scenery: summon butterflies
  3967 | D:1      | XOM: scenery: create altars
  5666 | D:1      | XOM: cloud trail
  5907 | D:1      | XOM: cloud trail
  6335 | D:1      | XOM: give mutations
  6335 | D:1      | Gained mutation: You occasionally lose the ability to drink
                  | potions when taking damage. [Xom's mischief]
  6335 | D:1      | Gained mutation: You are strong-willed. (Will+) [Xom's
                  | mischief]
  6335 | D:1      | Gained mutation: You are partially covered in iridescent
                  | scales. (AC +2) [Xom's mischief]
  6548 | D:1      | Identified the amulet of Zowiyt Otri {Faith -Tele rF+ SInv}
                  | (Xom gifted it to you on level 1 of the Dungeon)
  6548 | D:1      | XOM: god gift: amulet of Zowiyt Otri {Faith -Tele rF+ SInv}
  6754 | D:1      | XOM: god gift: scale mail {god gift}
  6894 | D:1      | XOM: give mutation
  6894 | D:1      | Gained mutation: You have hidden genetic potential. [Xom's
                  | grace]
  7690 | D:1      | XOM is BORED!
  7690 | D:1      | XOM: give mutations
  7690 | D:1      | Gained mutation: You are dopey. (Int -2) [Xom's mischief]
  7690 | D:1      | Gained mutation: You sometimes lose your temper in combat.
                  | [Xom's mischief]
  7732 | D:1      | XOM: give mutations
  7732 | D:1      | Gained mutation: You are agile. (Dex +4, Str/Int -1) [Xom's
                  | grace]
  7732 | D:1      | Gained mutation: Your natural rate of healing is unusually
                  | fast. [Xom's grace]
  7732 | D:1      | Gained mutation: You are very agile. (Dex +8, Str/Int -2)
                  | [Xom's grace]
  7931 | D:1      | XOM: god gift: curved jewelled staff {god gift}
  8102 | D:1      | XOM: cloud trail
  8497 | D:1      | XOM: scenery: summon butterflies
  8662 | D:1      | XOM: god gift: scroll labelled ZIRPHY EZIT {god gift}
  8738 | D:1      | XOM: cloud trail
  8928 | D:1      | XOM: give mutations
  8928 | D:1      | Gained mutation: A frigid envelope surrounds you and
                  | freezes all who hurt you. [Xom's grace]
  8928 | D:1      | Lost mutation: You sometimes lose your temper in combat.
                  | [Xom's grace]
  8928 | D:1      | Gained mutation: You are highly strong-willed. (Will++)
                  | [Xom's grace]
  8928 | D:1      | Gained mutation: Your spells are a little harder to cast,
                  | but a little more powerful. [Xom's grace]
  9050 | D:1      | XOM: divination: magic mapping
  9480 | D:1      | XOM: scenery: create altars
  9563 | D:1      | XOM: scenery: create altars
  9591 | D:1      | XOM: give mutations
  9591 | D:1      | Gained mutation: You have a pair of small horns on your
                  | head. [Xom's grace]
  9591 | D:1      | Gained mutation: You are covered in fur. (AC +1) [Xom's
                  | grace]
  9591 | D:1      | Gained mutation: You have a pair of horns on your head.
                  | [Xom's grace]
  9591 | D:1      | Gained mutation: Your spells are harder to cast, but more
                  | powerful. [Xom's grace]
  9627 | D:1      | XOM: give mutations
  9627 | D:1      | Gained mutation: You have great hidden genetic potential.
                  | [Xom's grace]
  9627 | D:1      | Gained mutation: You passively dampen the noise of your
                  | surroundings. [Xom's grace]
  9627 | D:1      | Gained mutation: You possess an exceptional clarity of
                  | mind. [Xom's grace]
  9639 | D:2      | XOM: god gift: 33 gold pieces
  9734 | D:2      | Found a glowing golden altar of the Shining One.
  9781 | D:2      | Found a faded altar of an unknown god.
  9784 | D:2      | Identified the +3 quarterstaff of the Silent Majority
                  | {freeze, rCorr Str+5 Int-2 Stlth+}
  9865 | D:2      | Reached XP level 4. HP: 35/35 MP: 0/0
  9910 | D:2      | Gained mutation: Your flesh is almost immune to the effects
                  | of heat. (rF+++) [hidden potential]
  9964 | D:2      | XOM: give mutations
  9964 | D:2      | Gained mutation: You are partially covered in large bone
                  | plates. (SH +4) [Xom's grace]
  9964 | D:2      | Gained mutation: You are mostly covered in iridescent
                  | scales. (AC +4) [Xom's grace]
  9964 | D:2      | Gained mutation: You are covered in thick fur. (AC +2)
                  | [Xom's grace]
 10096 | D:2      | Reached skill level 1 in Stealth
 10102 | D:2      | Reached XP level 5. HP: 40/40 MP: 0/0
 10102 | D:2      | Learned a level 2 spell: Static Discharge
 10345 | D:2      | XOM: give mutations
 10345 | D:2      | Lost mutation: You are dopey. (Int -2) [Xom's grace]
 10345 | D:2      | Gained mutation: You passively map a small area around you.
                  | [Xom's grace]
 10345 | D:2      | Lost mutation: You have great hidden genetic potential.
                  | [Xom's grace]
 10345 | D:2      | Lost mutation: You have hidden genetic potential. [Xom's
                  | grace]
 10345 | D:2      | Gained mutation: You are somewhat resistant to further
                  | mutation. [Xom's grace]
 10672 | D:3      | Reached skill level 1 in Spellcasting
 10672 | D:3      | Reached skill level 1 in Conjurations
 10672 | D:3      | Reached skill level 1 in Hexes
 10672 | D:3      | Reached skill level 1 in Summonings
 10672 | D:3      | Reached skill level 1 in Necromancy
 10672 | D:3      | Reached skill level 1 in Translocations
 10672 | D:3      | Reached skill level 1 in Transmutations
 10672 | D:3      | Reached skill level 1 in Fire Magic
 10672 | D:3      | Reached skill level 1 in Ice Magic
 10672 | D:3      | Reached skill level 1 in Air Magic
 10672 | D:3      | Reached skill level 1 in Earth Magic
 10672 | D:3      | Reached skill level 1 in Poison Magic
 10722 | D:3      | XOM: god gift: leather armour {god gift}
 10730 | D:3      | Found a burning altar of Makhleb.
 10883 | D:3      | XOM: give mutations
 10883 | D:3      | Lost mutation: You are partially covered in large bone
                  | plates. (SH +4) [Xom's mischief]
 10883 | D:3      | Lost mutation: You possess an exceptional clarity of mind.
                  | [Xom's mischief]
 10898 | D:3      | XOM: divination: detect creatures
 10918 | D:3      | Noticed Terence
 10927 | D:3      | Killed Terence
 11171 | D:3      | Noticed Sigmund
 11177 | D:3      | Killed Sigmund
 11178 | D:3      | Reached XP level 6. HP: 40/46 MP: 0/0
 11228 | D:3      | XOM: scenery: 1 doors close
 11313 | D:4      | XOM: cloud trail
 11444 | D:4      | Found Xookyil's Book Shoppe.
 11584 | D:4      | Identified the +8 falchion of Xom's Respect {protect, Fly
                  | Will+ Str+2}
 11603 | D:4      | XOM: give mutations
 11603 | D:4      | Gained mutation: Your muscles are strong. (Str +4, Int/Dex
                  | -1) [Xom's grace]
 11603 | D:4      | Gained mutation: You are completely covered in iridescent
                  | scales. (AC +6) [Xom's grace]
 11603 | D:4      | Gained mutation: Your muscles are very strong. (Str +8,
                  | Int/Dex -2) [Xom's grace]
 11739 | D:4      | Found a hazy altar of Hepliaklqana.
 11754 | D:4      | XOM: cloud trail
 11842 | D:4      | XOM: cast spell 'Call Canine Familiar'
 11845 | D:4      | Reached skill level 4 in Long Blades
 11845 | D:4      | Reached XP level 7. HP: 50/50 MP: 0/0
 11845 | D:4      | Learned a level 2 spell: Blink
 11877 | D:4      | XOM: scenery: summon butterflies
 12141 | D:5      | Entered Level 5 of the Dungeon
 12192 | D:5      | XOM: fake destruction
 12235 | D:5      | XOM: god gift: book of Spatial Translocations
 12283 | D:5      | Noticed a water moccasin
 12288 | D:5      | XOM: swap monsters
 12292 | D:5      | Killed a water moccasin
 12293 | D:5      | Reached skill level 5 in Long Blades
 12293 | D:5      | Reached XP level 8. HP: 58/58 MP: 0/0
 12322 | D:5      | Noticed Prince Ribbit
 12325 | D:5      | Killed Prince Ribbit
 12420 | D:5      | Reached skill level 6 in Long Blades
 12422 | D:5      | XOM: blink monster(s)
 12424 | D:5      | XOM: confusion (+ monsters)
 12447 | D:5      | Reached XP level 9. HP: 62/62 MP: 0/0
 12447 | D:5      | Learned a level 3 spell: Summon Guardian Golem
 12565 | D:6      | XOM: polymorph howler monkey -> steam dragon
 12575 | D:6      | Reached skill level 7 in Long Blades
 12585 | D:6      | Reached skill level 5 in Armour
 12605 | D:6      | XOM: god gift: smoky blue potion {god gift}
 12660 | D:6      | Found Eson Fiu's Jewellery Boutique.
 12970 | D:6      | Found a glowing golden altar of the Shining One.
 13223 | D:7      | Found Estusoemo's Book Emporium.
 13303 | D:7      | XOM: noise
 13345 | D:7      | XOM: swap monsters
 13363 | D:7      | Found a snail-covered altar of Cheibriados.
 13364 | D:7      | Found a hide-covered altar of Uskayaw.
 13533 | D:7      | XOM: confusion
 13537 | D:7      | XOM: summons 5 hostile demons
 13538 | D:7      | XOM: swap monsters
 13542 | D:7      | Reached skill level 5 in Fighting
 13585 | D:7      | Found a staircase to the Ecumenical Temple.
 13767 | D:8      | XOM: confusion
 13814 | D:8      | XOM: torment (34/65 hp)
 13917 | D:8      | XOM: summons 4 hostile demons
 13926 | D:8      | XOM: silly message
 13931 | D:8      | XOM: fog
 13940 | D:8      | Reached skill level 1 in Evocations
 13984 | D:8      | Found a staircase to the Lair.
 13985 | D:8      | Noticed a death yak
 13985 | D:8      | XOM: confuse monster(s)
 13985 | D:8      | Noticed a death yak
 13999 | D:8      | XOM: noise
 14003 | D:8      | XOM: cleaving
 14005 | D:8      | XOM: cast spell 'Summon Mana Viper'
 14010 | D:8      | Killed a death yak
 14011 | D:8      | Reached skill level 8 in Long Blades
 14011 | D:8      | Reached XP level 10. HP: 60/70 MP: 0/0
 14015 | D:8      | Killed a death yak
 14047 | D:8      | Noticed a death yak
 14051 | D:8      | XOM: divination: magic mapping
 14052 | D:8      | XOM: cast spell 'Alistair's Intoxication'
 14053 | D:8      | XOM: confuse monster(s)
 14059 | D:8      | XOM: blink monster(s)
 14076 | D:8      | Killed a death yak
 14144 | D:8      | XOM: divine lightning
 14229 | D:8      | XOM: polymorph wyvern -> meliai
 14252 | D:8      | XOM: summons 6 hostile demons
 14253 | D:8      | Noticed a sun demon
 14253 | D:8      | Noticed a rust devil
 14269 | D:8      | XOM: noise
 14386 | D:8      | XOM: give mutations
 14386 | D:8      | Lost mutation: You occasionally lose the ability to drink
                  | potions when taking damage. [Xom's mischief]
 14386 | D:8      | Lost mutation: Your muscles are very strong. (Str +8,
                  | Int/Dex -2) [Xom's mischief]
 14386 | D:8      | Lost mutation: Your muscles are strong. (Str +4, Int/Dex
                  | -1) [Xom's mischief]
 14386 | D:8      | Lost mutation: You have a pair of horns on your head.
                  | [Xom's mischief]
 14479 | D:8      | XOM: silly message
 14488 | D:8      | Reached skill level 1 in Shields
 14702 | D:9      | XOM: potion effect (brilliance)
 14722 | D:9      | Found a staircase to the Orcish Mines.
 14757 | D:9      | XOM: fake destruction
 15020 | D:9      | Reached skill level 9 in Long Blades
 15079 | D:9      | XOM: confuse monster(s)
 15088 | D:9      | Reached XP level 11. HP: 78/78 MP: 0/0
 15088 | D:9      | Learned a level 4 spell: Dispel Undead
 15097 | D:9      | XOM: polymorph howler monkey -> adder
 15154 | D:9      | XOM: summons 3 friendly demons
 15405 | D:9      | XOM: summons 3 hostile demons
 15423 | D:10     | Entered Level 10 of the Dungeon
 15442 | D:10     | Noticed a two-headed ogre
 15442 | D:10     | XOM: noise
 15448 | D:10     | Killed a two-headed ogre
 15456 | D:10     | XOM: god gift: scale mail {god gift}
 15564 | D:10     | XOM: divination: detect items
 15629 | D:10     | XOM: god gift: 26 gold pieces
 15715 | D:10     | Found a glowing silver altar of Zin.
 15894 | D:10     | Found an opulent altar of Gozag.
 15957 | D:10     | XOM: enchant monster (good)
 16019 | D:11     | Noticed a two-headed ogre
 16026 | D:11     | Found a frozen archway.
 16027 | D:11     | XOM: silly message
 16033 | D:11     | XOM: cleaving
 16039 | D:11     | XOM: give mutation
 16039 | D:11     | Lost mutation: A frigid envelope surrounds you and freezes
                  | all who hurt you. [Xom's mischief]
 16045 | D:11     | XOM: confusion
 16077 | D:11     | XOM: enchant monster (bad)
 16083 | D:11     | Killed a two-headed ogre
 16090 | IceCv    | Entered an ice cave
 16104 | IceCv    | XOM: noise
 16119 | IceCv    | XOM: summons 7 friendly demons
 16171 | IceCv    | XOM: confuse monster(s)
 16176 | IceCv    | Reached skill level 10 in Long Blades
 16182 | IceCv    | Reached skill level 5 in Evocations
 16338 | IceCv    | XOM: summons 6 hostile demons
 16392 | IceCv    | XOM: fog
 16397 | IceCv    | XOM: cast spell 'Cause Fear'
 16435 | IceCv    | Reached skill level 5 in Dodging
 16613 | IceCv    | XOM: summons 6 hostile demons
 16712 | IceCv    | Noticed a quicksilver ooze
 16718 | IceCv    | XOM: enchant monster (bad)
 16720 | IceCv    | XOM: confusion
 16738 | IceCv    | XOM: destruction
 16741 | IceCv    | Killed a quicksilver ooze
 16742 | IceCv    | Reached XP level 12. HP: 27/86 MP: 0/0
 16745 | IceCv    | XOM: fake destruction
 16885 | IceCv    | XOM: stat loss: -1 Str (12/13)
 16997 | IceCv    | XOM: scenery: create altars
 17034 | IceCv    | XOM: scenery: summon butterflies
 17055 | IceCv    | XOM: scenery: summon butterflies
 17067 | IceCv    | XOM: enchant monster (good)
 17071 | IceCv    | XOM: god gift: +1 troll leather armour
 17074 | IceCv    | XOM: summons 8 friendly demons
 17123 | IceCv    | XOM: give mutations
 17123 | IceCv    | Lost mutation: Your spells are harder to cast, but more
                  | powerful. [Xom's mischief]
 17123 | IceCv    | Lost mutation: You are completely covered in iridescent
                  | scales. (AC +6) [Xom's mischief]
 17133 | IceCv    | Slain by a very large slime creature

Illustrated notes

Levels and vault maps discovered:
D:1:      amcnicky_arrival_feature_with_door, layout_basic, serial_shops, shop
D:2:      layout_basic, basic_altar, basic_ecumenical_altar
D:3:      layout_loops_corners, overflow_temple_1_default,
          chequers_hall_statues_wall_a, uniq_terence, uniq_sigmund
D:4:      layout_basic, nzn_hepliaklqana_mist_gate, vehumet_statue,
          serial_shops, nicolae_book_shop_shelving
D:5:      cheibrodos_barr_body, layout_rooms, moated_statue,
          serial_bayou_lagoon_a, uniq_prince_ribbit1
D:6:      layout_cave_pools, lemuel_blue_sif_altar,
          mainiacjoe_overflow_cross_hatched, serial_shops, shop
D:7:      layout_loops_cross, chequers_temple_overflow_statue_of_worship,
          minmay_temple_entry_fiery, serial_shops, shop
D:8:      layout_gridville, dpeg_lair_monsters, grunt_decor_junction
D:9:      layout_loops_cross, orc_0_dummy, nicolae_two_hexagons
D:10:     layout_roguey, pdpol_temple_overflow_zin_treasury_gozag_greed
D:11:     layout_gridville, portal_ice_cave_entry_imps, st_stairs_4
IceCv:    ice_cave_hellmonk_azure_passage

Skill      XL: |  1  2  3  4  5  6  7  8  9 10 11 12 |
---------------+-------------------------------------+-----
Long Blades    | 3 4 5 6 8 9 10 | 10.2
Armour         | 2 3 4 5 6 |  6.8
Stealth        | 1 2 3 4 |  4.5
Spellcasting   | 1 2 3 4 |  4.8
Conjurations   | 1 2 3 4 |  4.8
Hexes          | 1 2 3 4 |  4.8
Summonings     | 1 2 3 4 |  4.8
Necromancy     | 1 2 3 4 |  4.8
Translocations | 1 2 3 4 |  4.8
Transmutations | 1 2 3 4 |  4.8
Fire Magic     | 1 2 3 4 |  4.8
Ice Magic      | 1 2 3 4 |  4.8
Air Magic      | 1 2 3 4 |  4.8
Earth Magic    | 1 2 3 4 |  4.8
Poison Magic   | 1 2 3 4 |  4.8
Dodging        | 3 4 5 |  5.1
Fighting       | 4 5 6 7 8 |  8.0
Evocations     | 2 3 5 |  5.4
Shields        | 1 2 |  2.5

Action                     |  1- 3 |  4- 6 |  7- 9 | 10-12 || total
---------------------------+-------+-------+-------+-------++-------
  Melee: Falchion          |   106 |    74 |   177 |   367 ||   724
         Headbutt          |     4 |    15 |    44 |   117 ||   180
         Punch             |       |       |     1 |       ||     1
    Use: Scroll            |     1 |     3 |     3 |     4 ||    11
   Stab: Sleeping          |     1 |     3 |     1 |     2 ||     7
         Confused          |       |       |     2 |    10 ||    12
         Distracted        |       |       |       |     3 ||     3
 Armour: Leather armour    |    43 |    13 |       |       ||    56
         Scale mail        |       |     8 |   105 |   245 ||   358
  Dodge: Dodged            |    76 |    30 |   101 |   179 ||   386
  Block: Other             |       |    10 |       |       ||    10
         Buckler           |       |       |     8 |   124 ||   132

Table legend: (Time is in decaauts)
 A = Elapsed time spent in this place.
 B = Non-inter-level travel time spent in this place.
 C = Inter-level travel time spent in this place.
 D = Time resting spent in this place.
 E = Time spent auto-exploring this place.
 F = Levels seen in this place.
 G = Mean time per level.
                   A        B        C        D        E       F      G
               +--------+--------+--------+--------+--------+-----+--------+
         Total |  17103 |  16796 |    307 |   9439 |   5654 |  12 | 1425.2 |
       Dungeon |  16088 |  15781 |    307 |   8907 |   5506 |  11 | 1462.5 |
      Ice Cave |   1015 |   1015 |      0 |    532 |    148 |   1 | 1015.0 |
               +--------+--------+--------+--------+--------+-----+--------+

Top non-repeatable levels by time:
     D:1: 9643 daAuts
   IceCv: 1015 daAuts
     D:4: 906 daAuts
     D:3: 809 daAuts
     D:8: 809 daAuts
     D:2: 807 daAuts
     D:9: 791 daAuts
     D:7: 719 daAuts
    D:10: 589 daAuts
     D:6: 521 daAuts
     D:5: 421 daAuts
    D:11: 67 daAuts
